 Dungeon Crawl Stone Soup version 0.31-a0-165-g3f4f80340b (webtiles) character file.

Game seed: 16577122225385802818

123 qw the Shooter (level 5, -3/49 HPs)
             Began as a Naga Hunter on June 13, 2023.
             Slain by Grinder (4 damage)
             ... on level 3 of the Dungeon.
             The game lasted 00:00:32 (1270 turns).

qw the Shooter (Naga Hunter)                        Turns: 1270, Time: 00:00:33

Health: -3/49      AC:  3    Str: 14    XL:     5   Next: 7%
Magic:  5/5        EV:  9    Int:  9    God:
Gold:   100        SH:  0    Dex: 16    Spells: 4/4 levels left

rFire   . . .        Y - +1 shortbow
rCold   . . .        (shield currently unavailable)
rNeg    . . .        c - +0 leather armour
rPois   +            (no helmet)
rElec   .            (no cloak)
rCorr   .            (no gloves)
SInv    +            (no barding)
Will    +....        (no amulet)
Stlth   ++           i - ring of willpower
HPRegen 0.28/turn    (no ring)
MPRegen 0.09/turn

%: no passive effects
@: very slow
A: AC +1, large, see invisible, deformed body, poison resistance, slowness 2,
spit poison 1, naga tail 1
a: Spit Poison


You were on level 3 of the Dungeon.
You visited 1 branch of the dungeon, and saw 3 of its levels.

You collected 100 gold pieces.


Innate Abilities, Weirdness & Mutations

Your serpentine skin is tough. (AC +1)
You have supernaturally acute eyesight. (SInv)
Armour fits poorly on your strangely shaped body.
Your system is resistant to poisons. (rPois)
You cover ground very slowly.
You can spit poison.
You have a snake-like lower body.


   Skills:
 - Level 3.1 Fighting
 + Level 5.1 Ranged Weapons
 - Level 1.5 Dodging
 - Level 1.5 Stealth


You had 4 spell levels left.
You didn't know any spells.
Your spell library was empty.

Inventory:

Hand Weapons
 Y - a +1 shortbow (weapon)
Armour
 c - a +0 leather armour (worn)
Jewellery
 i - a ring of willpower (left hand)
Scrolls
 d - a scroll of amnesia {unknown}
 g - a scroll of identify
Potions
 a - a potion of curing
 b - a potion of enlightenment {unknown}
 e - a potion of mutation {unknown}
 f - 2 potions of cancellation

Dungeon Overview and Level Annotations

Branches:
Dungeon (3/15)

Altars:

Annotations:
D:3 Grinder


Message History

Grinder says, "There's only one good use for a tongue: cutting it out."
Grinder closely misses you. Grinder gestures at you.
You easily resist.
You shoot an arrow. The arrow closely misses Grinder.
Grinder blinks!
Enter note:
Enter note:
Enter note: You shoot an arrow.
The arrow barely misses Grinder.
You shoot an arrow. The arrow hits Grinder.
Grinder is moderately wounded.
Grinder says, "Tell me all your secrets, or I'll kill you."
You shoot an arrow.
The arrow hits Grinder but does no damage.
Grinder is moderately wounded.
Grinder hits you!
You writhe in agony.
You shoot an arrow. The arrow hits Grinder.
Grinder is moderately wounded.
Grinder hits you!
You writhe in agony.
You shoot an arrow. The arrow hits Grinder.
Grinder is moderately wounded.
Grinder hits you.
You writhe in agony.
You shoot an arrow. The arrow barely misses Grinder.
Grinder gestures at you. Pain shoots through your body!
Grinder closely misses you.
You shoot an arrow. The arrow hits Grinder.
Grinder is heavily wounded.
Grinder closely misses you.
You shoot an arrow. The arrow closely misses Grinder.
Grinder hits you!
You writhe in agony.
You shoot an arrow. The arrow hits Grinder.
Grinder is heavily wounded.
Grinder hits you.
You writhe in agony.
You shoot an arrow. The arrow closely misses Grinder.
Grinder says, "I used to sell toenails on the black market."
Grinder hits you.
You shoot an arrow. The arrow closely misses Grinder.
Grinder hits you.
You die...

..........#
#######.###
#.# #.# ###
#.# .... #.#
.... #.#
.###..####.#
......5@...#
#..#..######
#. #


You could see Grinder.

Vanquished Creatures
  Natasha (thrice) (D:2)
  2 bats
  9 endoplasms
  2 giant cockroaches
  6 goblins
  3 hobgoblins
  4 jackals (D:1)
  6 kobolds
  A quokka (D:1)
  3 ball pythons
  3 frilled lizards
  2 rats
44 creatures vanquished.

Notes
Turn   | Place    | Note
-------+----------+-------------------------------------------
     0 | D:1      | qw the Naga Hunter began the quest for the Orb.
     0 | D:1      | Reached XP level 1. HP: 19/19 MP: 1/1
     0 | D:1      | 0 ||| qw: Version: 0.2-a-29-gc1b59c4
     0 | D:1      | 0 ||| qw: Game counter: 4643
     0 | D:1      | 0 ||| qw: Always use a shield: true
     0 | D:1      | 0 ||| qw: God list: Okawaru
     0 | D:1      | 0 ||| qw: Allow faded altars: false
     0 | D:1      | 0 ||| qw: Do Orc after D:15 true
     0 | D:1      | 0 ||| qw: Do second Lair branch before Depths: true
     0 | D:1      | 0 ||| qw: Lair rune preference: random
     0 | D:1      | 0 ||| qw: Plans: Normal
     0 | D:1      | 0 ||| PLANNING D:1-11
    33 | D:1      | 33 ||| INVOKING Spit Poison.
    56 | D:1      | 56 ||| INVOKING Spit Poison.
    61 | D:1      | Reached skill level 4 in Ranged Weapons
    61 | D:1      | Reached XP level 2. HP: 26/26 MP: 2/2
    61 | D:1      | 61 ||| INVOKING Spit Poison.
    64 | D:1      | 64 ||| INVOKING Spit Poison.
    67 | D:1      | 67 ||| INVOKING Spit Poison.
    75 | D:1      | 75 ||| INVOKING Spit Poison.
   120 | D:1      | 120 ||| INVOKING Spit Poison.
   126 | D:1      | 126 ||| INVOKING Spit Poison.
   233 | D:1      | 233 ||| INVOKING Spit Poison.
   234 | D:1      | Reached XP level 3. HP: 32/32 MP: 3/3
   301 | D:1      | 301 ||| INVOKING Spit Poison.
   309 | D:1      | 309 ||| INVOKING Spit Poison.
   462 | D:1      | 462 ||| UPGRADING to ring of willpower.
   463 | D:1      | 463 ||| READING scroll labelled JUPROFU RISK.
   464 | D:1      | 464 ||| READING scroll labelled OKLETI MOEDAXARCHOCK.
   465 | D:1      | 465 ||| READING scroll labelled PORGHO GAXOT.
   466 | D:1      | 466 ||| READING scroll labelled PUAPIT CISME.
   467 | D:1      | 467 ||| DRINKING 2 white potions.
   468 | D:1      | 468 ||| DROPPING scroll of butterflies.
   538 | D:2      | 538 ||| INVOKING Spit Poison.
   622 | D:2      | Noticed Natasha
   625 | D:2      | 625 ||| INVOKING Spit Poison.
   626 | D:2      | 626 ||| INVOKING Spit Poison.
   626 | D:2      | Killed Natasha
   627 | D:2      | Reached skill level 5 in Ranged Weapons
   627 | D:2      | Reached XP level 4. HP: 39/39 MP: 4/4
   667 | D:2      | 667 ||| INVOKING Spit Poison.
   671 | D:2      | Noticed Natasha
   675 | D:2      | 675 ||| INVOKING Spit Poison.
   680 | D:2      | Killed Natasha
   745 | D:2      | Noticed Natasha
   746 | D:2      | 746 ||| INVOKING Spit Poison.
   748 | D:2      | 748 ||| Stepping ~*~*~tactically~*~*~ (outnumbered).
   750 | D:2      | 750 ||| INVOKING Spit Poison.
   750 | D:2      | Killed Natasha
   751 | D:2      | Reached skill level 3 in Fighting
   772 | D:2      | Reached XP level 5. HP: 49/49 MP: 5/5
   844 | D:2      | 844 ||| INVOKING Spit Poison.
  1062 | D:2      | 1062 ||| READING scroll labelled BIYNOEC FOVA.
  1065 | D:2      | 1065 ||| DRINKING 2 viscous sapphire potions.
  1086 | D:3      | 1086 ||| PLANNING SEWER
  1117 | D:3      | 1117 ||| INVOKING Spit Poison.
  1142 | D:3      | 1142 ||| INVOKING Spit Poison.
  1145 | D:3      | 1145 ||| INVOKING Spit Poison.
  1250 | D:3      | Noticed Grinder
  1252 | D:3      | Paralysed by Grinder for 3 turns
  1267 | D:3      | HP: 11/49 [Grinder (7)]
  1268 | D:3      | HP: 3/49 [Grinder (3)]
  1269 | D:3      | HP: 1/49 [Grinder (2)]
  1270 | D:3      | Slain by Grinder

Levels and vault maps discovered:
D:1:      nicolae_arrival_memento_mori, layout_rooms, serial_glass,
          glass_columns_b, glass_columns_b, st_stairs_9, reono_crystal_passage
D:2:      layout_basic, nrook_campfire, serial_bayou_pond_c, st_stairs_4,
          uniq_natasha
D:3:      layout_loops_ring, gammafunk_ghost_cemetery, gup_sewer_entry_spiral,
          serial_shops, shop, nicolae_shop_real_fake_doors,
          uniq_crazy_yiuf_cottage, uniq_ijyb, uniq_grinder

Skill      XL: |  1  2  3  4 |
---------------+-------------+-----
Ranged Weapons | 4 5 |  5.1
Fighting       | 3 |  3.1
Dodging        | |  1.5
Stealth        | |  1.5

Action                     |  1- 3 |  4- 6 || total
---------------------------+-------+-------++-------
   Fire: Shortbow          |    44 |    45 ||    89
Ability: Spit Poison       |    13 |     8 ||    21
    Use: Scroll            |     4 |     1 ||     5
         Potion            |     1 |     1 ||     2
 Armour: Leather armour    |     3 |     1 ||     4
  Dodge: Dodged            |     8 |     8 ||    16

Table legend:
 A = Non-vault XP
 B = Vault XP
 C = Vault XP percentage of total XP
 D = Non-vault monster count
 E = Vault monster count
 F = Vault count percentage of total count
                 A         B        C        D         E       F
            +---------+---------+-------+---------+---------+-------
      Total |     135 |      42 |  23.7 |      38 |       6 |  13.6
            +---------+---------+-------+---------+---------+-------
        D:1 |      40 |       5 |  11.1 |      21 |       3 |  12.5
        D:2 |      88 |      37 |  29.6 |      12 |       3 |  20.0
        D:3 |       7 |       0 |   0.0 |       5 |       0 |   0.0
            +---------+---------+-------+---------+---------+-------
